 Dungeon Crawl Stone Soup version 0.23-b1-84-g6588a6b (webtiles) character file.

Game seed: 2618476672318567246

1921 dvd the Firebug (level 9, 0/69 HPs)
             Began as a Hill Orc Fire Elementalist on Feb 7, 2019.
             Was a Priest of Okawaru.
             Slain by Harold
             ... wielding a +3 dire flail of protection
              (13 damage)
             ... on level 7 of the Dungeon.
             The game lasted 00:19:24 (6785 turns).

dvd the Firebug (Hill Orc Fire Elementalist)        Turns: 6785, Time: 00:19:25

Health: 0/69       AC: 12    Str: 11    XL:     9   Next: 17%
Magic:  5/15       EV: 12    Int: 18    God:    Okawaru [***...]
Gold:   401        SH:  3    Dex: 11    Spells: 4/16 levels left

rFire    . . .     SeeInvis .   a - +0 war axe
rCold    + . .     Gourm    .   (no shield)
rNeg     . . .     Faith    .   J - +2 leather armour {rC+}
rPois    .         Spirit   .   E - +0 helmet
rElec    .         Reflect  +   m - +0 cloak
rCorr    .         Harm     .   v - +0 pair of gloves (curse)
MR       +....                  q - +0 pair of boots
Stlth    ++........             w - +3 amulet of reflection
HPRegen  0.21/turn              s - ring of protection from magic
MPRegen  0.14/turn              F - +3 ring of protection

@: marked
A: no striking features
a: Heroism, Renounce Religion


You were on level 7 of the Dungeon.
You worshipped Okawaru.
Okawaru was most pleased with you.
You were not hungry.

You visited 1 branch of the dungeon, and saw 7 of its levels.

You collected 401 gold pieces.

Inventory:

Hand Weapons
 a - a +0 war axe (weapon)
 e - a +0 short sword
 j - a +4 dagger
 r - a +0 hand axe
Armour
 m - a +0 cloak (worn)
 q - a +0 pair of boots (worn)
 u - a +2 robe of magic resistance
 v - a cursed +0 pair of gloves (worn)
 B - a +0 leather armour of poison resistance
 E - a +0 helmet (worn)
 J - a +2 leather armour of cold resistance (worn)
Magical Staves
 C - an uncursed staff of wizardry
Jewellery
 s - a ring of protection from magic (left hand)
 w - a +3 amulet of reflection (around neck)
 F - a +3 ring of protection (right hand)
 H - an uncursed ring of flight
Wands
 f - a wand of flame (14)
 y - a wand of disintegration (14)
 D - a wand of random effects (14)
Scrolls
 h - a scroll of magic mapping
 i - 3 scrolls of teleportation
 k - 2 scrolls of fear
 l - 3 scrolls of random uselessness
 p - 4 scrolls of identify {unknown}
 t - 2 scrolls of amnesia
 z - a scroll of torment {unknown}
 G - a scroll of enchant weapon {unknown}
Potions
 b - 2 potions of lignification {unknown}
 d - a potion of might {unknown}
 g - 6 potions of curing {unknown}
 n - a potion of degeneration {unknown}
 o - 2 potions of berserk rage {unknown}
 x - 2 potions of heal wounds
 A - 3 potions of mutation {unknown}
 I - a potion of haste {unknown}
 K - a potion of brilliance {unknown}
 M - a potion of magic {unknown}
Comestibles
 c - 11 rations
 L - 5 chunks of flesh


   Skills:
 + Level 3.1 Fighting
 + Level 1.2 Short Blades
 + Level 5.6 Axes
 + Level 1.0 Armour
 + Level 3.6 Dodging
 + Level 3.1 Stealth
 + Level 4.4 Spellcasting
 + Level 4.4 Conjurations
 + Level 6.5 Fire Magic
 + Level 0.1 Invocations


You had 4 spell levels left.
You knew the following spells:

 Your Spells              Type           Power        Failure   Level  Hunger
a - Flame Tongue          Conj/Fire      ###..        1%          1    None
b - Throw Flame           Conj/Fire      ###...       3%          2    #......
c - Sticky Flame          Conj/Fire      ###.....     19%         4    ####...
d - Fireball              Conj/Fire      ###.......   47%         5    ######.

Your spell library contained the following spells:

 Spells                   Type           Power        Failure   Level  Hunger
 Conjure Flame            Conj/Fire      ###.....     6%          3    ###....
 Inner Flame              Hex/Fire       ###.....     14%         3    ###....


Dungeon Overview and Level Annotations

Branches:
Dungeon (7/15)             Temple (0/1) D:5

Altars:
Dithmenos
Okawaru

Annotations:
D:7 Harold


Message History

Unknown command.
You rip the net and break free!
Harold burns!
Harold hits you with a +3 dire flail of protection.
* * * LOW HITPOINT WARNING * * *
Unknown command.
Harold burns!
You hear the faint creaking of a portcullis nearby.
Harold burns!
Harold burns!
Harold stops burning.
You see here a throwing net.
Casting: Sticky Flame (slightly dangerous; 19% risk of failure)
Confirm with . or Enter, or press ? or * to list all spells.
Aiming: Sticky Flame (slightly dangerous; 19% risk of failure)
Press: ? - help, Shift-Dir - straight line, f/p - Harold
Aim: Harold, wielding a +3 dire flail of protection and wearing a +0 scale mail (heavily wounded)
The sticky flame hits Harold but does no damage.
Harold is heavily wounded.
Harold is covered in liquid flames!
Harold burns!
Harold hits you with a +3 dire flail of protection!
You die...

*,****,,*** #.###.##.# **,** ,,*
*,** #,#......# *,,, *** *,*
#.#......# ***,#, *,* #.#......#
*,,.., *,* #........# *,≈≈≈≈ *
*,* #.......## **.≈#** ** **,**
#.##.#..### **..≈#,,
,****,,,*#####.##......###...≈#,∩
,+,,,,,,,.......@@(......'...≈#,,
,****,,,*#####.........###...≈#*,
** **,** #######.#.# **..≈≈≈≈ *
*,* ###.# **...., *,* #.# **...*
*,** #.# **+#* *,,* #.# *,** **,*
#.# *,,, *,* *,*******,,*


You could see Harold (burning).

Vanquished Creatures
  Prince Ribbit (D:5)
  Sigmund (D:3)
  Edmund (D:5)
  A necrophage (D:5)
  A centaur (D:6)
  2 bullfrogs (D:6)
  A gnoll sergeant (D:5)
  2 scorpions
  3 crimson imps
  3 jellies
  2 bullfrog skeletons
  4 orc priests (D:5)
  2 orc wizards
  Ijyb (D:4)
  Natasha (twice) (D:3)
  2 iguanas
  7 worker ants
  A howler monkey skeleton (D:4)
  5 gnolls (D:5)
  9 adders
  2 adder zombies (D:5)
  3 worms
  2 dart slugs (D:2)
  4 leopard geckos
  17 orcs
  5 bats
  3 giant cockroaches
  17 goblins
  5 hobgoblins
  8 jackals
  5 quokkas
  2 ball pythons (D:3)
  6 frilled lizards
  A giant cockroach zombie (D:5)
  A jackal zombie (D:6)
  7 kobolds
  4 rats
143 creatures vanquished.

Vanquished Creatures (others)
  A goblin (D:4)
  4 toadstools (D:2)
5 creatures vanquished.

Grand Total: 148 creatures vanquished

Notes
Turn   | Place    | Note
-------+----------+-------------------------------------------
     0 | D:1      | dvd the Hill Orc Fire Elementalist began the quest for the
                  | Orb.
     0 | D:1      | Reached XP level 1. HP: 14/14 MP: 3/3
   111 | D:1      | Reached XP level 2. HP: 10/20 MP: 1/4
   372 | D:1      | Learned a level 2 spell: Throw Flame
   568 | D:1      | Reached skill level 4 in Fire Magic
   828 | D:2      | Reached XP level 3. HP: 27/27 MP: 5/5
   870 | D:2      | Found an iron altar of Okawaru.
   876 | D:2      | Became a worshipper of Warmaster Okawaru
  1467 | D:2      | Reached XP level 4. HP: 18/34 MP: 0/7
  2352 | D:3      | Noticed Sigmund
  2428 | D:3      | Killed Sigmund
  2428 | D:3      | Reached * piety under Okawaru
  2428 | D:3      | Reached skill level 1 in Fighting
  2428 | D:3      | Reached skill level 1 in Short Blades
  2428 | D:3      | Reached XP level 5. HP: 33/40 MP: 1/9
  2428 | D:3      | Reached XP level 6. HP: 39/47 MP: 1/10
  2534 | D:3      | Noticed Natasha
  2540 | D:3      | Killed Natasha
  2635 | D:3      | Reached skill level 5 in Fire Magic
  3007 | D:3      | Noticed Natasha
  3014 | D:3      | Killed Natasha
  3403 | D:4      | Reached skill level 1 in Axes
  3408 | D:4      | Reached ** piety under Okawaru
  3408 | D:4      | Reached XP level 7. HP: 44/52 MP: 5/11
  3839 | D:4      | Learned a level 4 spell: Sticky Flame
  3870 | D:4      | Found a shadowy altar of Dithmenos.
  4194 | D:4      | Noticed Ijyb
  4239 | D:4      | Killed Ijyb
  4568 | D:5      | Entered Level 5 of the Dungeon
  4589 | D:5      | Noticed Edmund
  4601 | D:5      | Killed Edmund
  4902 | D:5      | Reached XP level 8. HP: 54/61 MP: 0/13
  5127 | D:5      | Found a staircase to the Ecumenical Temple.
  5204 | D:5      | Noticed Prince Ribbit
  5326 | D:5      | Killed Prince Ribbit
  5326 | D:5      | Reached skill level 6 in Fire Magic
  5474 | D:5      | Reached *** piety under Okawaru
  5980 | D:6      | Learned a level 5 spell: Fireball
  6109 | D:6      | Reached skill level 5 in Axes
  6354 | D:6      | Reached XP level 9. HP: 50/68 MP: 2/15
  6556 | D:7      | Noticed a two-headed ogre
  6721 | D:7      | Reached skill level 1 in Armour
  6766 | D:7      | Noticed Harold
  6785 | D:7      | Slain by Harold

Skill      XL: |  1  2  3  4  5  6  7  8  9 |
---------------+----------------------------+-----
Fire Magic     | 4 5 6 |  6.5
Spellcasting   | 2 3 4 |  4.4
Fighting       | 1 2 3 |  3.1
Short Blades   | 1 |  1.2
Dodging        | 2 3 |  3.6
Stealth        | 2 3 |  3.1
Conjurations   | 2 3 4 |  4.4
Axes           | 1 3 5 |  5.6
Armour         | 1 |  1.0
Invocations    | |  0.1

Action                   |  1- 3 |  4- 6 |  7- 9 || total
-------------------------+-------+-------+-------++-------
Melee: Short sword       |    10 |       |       ||    10
       Dagger            |    25 |    27 |       ||    52
       Hand axe          |       |    42 |    90 ||   132
       War axe           |       |       |   117 ||   117
 Cast: Flame Tongue      |    45 |    62 |    92 ||   199
       Throw Flame       |     6 |    13 |    21 ||    40
       Sticky Flame      |       |       |    20 ||    20
Invok: Heroism           |       |       |     2 ||     2
  Use: Scroll            |       |     6 |     1 ||     7
 Stab: Sleeping          |     3 |     1 |     4 ||     8
  Eat: Chunk             |     3 |     8 |    16 ||    27
Armor: Robe              |     9 |    39 |    72 ||   120
       Leather armour    |       |       |    13 ||    13
Dodge: Dodged            |    30 |    69 |   162 ||   261
Block: Other             |       |     1 |    28 ||    29
       Reflection        |       |       |     2 ||     2
